 Dungeon Crawl Stone Soup version 0.27-a0-1196-g3e9cee4cb2 (webtiles) character file.

Game seed: 12820941035298060765

7 Alter the Skirmisher (level 1, -1/19 HPs)
             Began as a Draconian Fighter on May 28, 2021.
             Slain by a goblin
             ... wielding a +2 dagger of distortion
              (17 damage)
             ... on level 1 of the Dungeon.
             The game lasted 00:01:23 (574 turns).

Alter the Skirmisher (Draconian Fighter)             Turns: 574, Time: 00:01:23

Health: -1/19      AC:  4    Str: 18    XL:     1   Next: 91%
Magic:  1/1        EV: 10    Int:  8    God:
Gold:   892        SH:  8    Dex: 10    Spells: 0/0 levels left

rFire    . . .     SeeInvis .   a - +0 flail
rCold    . . .     Faith    .   b - +0 kite shield
rNeg     . . .     Spirit   .   (armour unavailable)
rPois    .         Reflect  .   (helmet restricted)
rElec    .         Harm     .   (no cloak)
rCorr    .         Rampage  .   (no gloves)
Will     .....                  (no boots)
Stlth    +.........             (no amulet)
HPRegen  0.06/turn              (no ring)
MPRegen  0.07/turn              (no ring)

@: no status effects
A: AC +4, unfitting armour, cold-blooded
a: no special abilities


You were on level 1 of the Dungeon.
You visited 1 branch of the dungeon, and saw 1 of its levels.

You collected 892 gold pieces.

Inventory:

Hand Weapons
 a - a +0 flail (weapon)
Armour
 b - a +0 kite shield (worn)
Potions
 c - a potion of might
 d - a potion of haste {unknown}
 e - 2 potions of attraction {unknown}


   Skills:
 + Level 3.4 Fighting
 + Level 2.0 Maces & Flails
 + Level 3.0 Dodging
 + Level 3.1 Shields


You couldn't memorise any spells.
You didn't know any spells.
Your spell library was empty.

Dungeon Overview and Level Annotations

Branches:
Dungeon (1/15)

Altars:


Innate Abilities, Weirdness & Mutations

Your plain brown scales are hard. (AC +4)
You cannot fit into any form of body armour.
You are cold-blooded and may be slowed by cold attacks.


Message History

Things that are here:
a +0 dagger; 5 stones
Things that are here:
a +0 dagger; 5 stones You see here a jackal corpse.
Found 12 gold pieces.
A giant cockroach comes into view.
You now have 854 gold pieces (gained 8).
Found 14 gold pieces.
You see here 12 gold pieces.
You sock the giant cockroach!
You kill the giant cockroach!
You start resting.
HP restored.
You now have 866 gold pieces (gained 12).
You start waiting.
Done waiting.
You now have 880 gold pieces (gained 14).
You now have 892 gold pieces (gained 12).
A dart slug comes into view.
The dart slug launches a dart at you. The slug dart hits you.
You hit the dart slug.
The dart slug is heavily wounded.
The dart slug barely misses you.
You hit the dart slug.
Your tail-slap misses the dart slug.
The dart slug is almost dead.
The dart slug barely misses you.
You hit the dart slug.
You kill the dart slug!
Your Dodging skill increases to level 3!
You start resting.
HP restored.
Found a whip.
A goblin comes into view.
It is wielding a +2 dagger of distortion.
The goblin shouts!
The goblin hits you with a +2 dagger of distortion.
Space warps horribly around you!
Ouch! That really hurt!
You die...

##....# .....## ......
..... ##... ... #g# #@#
#.# ##### ##.####.#
##...## ........####
#.....###
########...#####........
#.............###
#...#........## #...#
##...#.####.### #...#
#......####.#


You could see a goblin.

Vanquished Creatures
  A dart slug (D:1)
  A giant cockroach (D:1)
  A goblin (D:1)
  A jackal (D:1)
  A kobold (D:1)
5 creatures vanquished.

Notes
Turn   | Place    | Note
-------+----------+-------------------------------------------
     0 | D:1      | Alter the Draconian Fighter began the quest for the Orb.
     0 | D:1      | Reached XP level 1. HP: 19/19 MP: 1/1
     8 | D:1      | Identified a scroll of acquirement
     8 | D:1      | Acquired 841 gold pieces
   574 | D:1      | Slain by a goblin

Illustrated notes

Levels and vault maps discovered:
D:1:      noname_arrival_rooms_in_the_neighbourhood, layout_loops_cross,
          hellmonk_ecumenical_altar_prayer_group

Skill      XL: |  1 |
---------------+----+-----
Dodging        | 3 |  3.0
Fighting       | |  3.4
Maces & Flails | |  2.0
Shields        | |  3.1

Action                   || total
-------------------------++-------
Melee: Flail             ||    22
       Tailslap          ||     3
  Use: Scroll            ||     1
Armor: Skin              ||    12
Dodge: Dodged            ||    18
Block: Kite shield       ||    15

Table legend: (Time is in decaauts)
 A = Elapsed time spent in this place.
 B = Non-inter-level travel time spent in this place.
 C = Inter-level travel time spent in this place.
 D = Time resting spent in this place.
 E = Time spent auto-exploring this place.
 F = Levels seen in this place.
 G = Mean time per level.
                   A        B        C        D        E       F      G
               +--------+--------+--------+--------+--------+-----+--------+
         Total |    585 |    585 |      0 |    282 |    182 |   1 |  585.0 |
       Dungeon |    585 |    585 |      0 |    282 |    182 |   1 |  585.0 |
               +--------+--------+--------+--------+--------+-----+--------+

Top non-repeatable levels by time:
     D:1: 585 daAuts
